 Dungeon Crawl Stone Soup version 0.30-a0-845-g7c6808c8ce (webtiles) character file.

Game seed: 5243255901422710580

16 qeuew the Ducker (level 2, 17/24 HPs)
             Began as a Djinni Gladiator on Mar 2, 2023.
             Was a Follower of Uskayaw.
             Quit the game on level 1 of the Dungeon.
             The game lasted 00:00:49 (254 turns).

qeuew the Ducker (Djinni Gladiator)                  Turns: 254, Time: 00:00:49

Health: 17/24      AC:  4    Str: 13    XL:     2   Next: 70%
Gold:   0          EV: 12    Int:  9    God:    Uskayaw [*.....] SH:  0 Dex: 14

rFire   + + .      SeeInvis .    a - +0 long sword
rCold   x . .      Faith    .    (no shield)
rNeg    . . .      Spirit   .    b - +0 leather armour
rPois   ∞          Reflect  .    c - +0 helmet
rElec   .          Rampage  .    (no cloak)
rCorr   .                        (no gloves)
Will    .....                    (boots unavailable)
Stlth   +                        (no amulet)
HPRegen 0.24/turn                (no ring)
MPRegen 0.00/turn                (no ring)

@: flying
A: sickness immunity, fire resistance 2, cold vulnerability 1, float, innate
caster, HP casting, extra vitality 1
a: Renounce Religion, Stomp


You were on level 1 of the Dungeon.
You worshipped Uskayaw.
Uskayaw was noncommittal.
You visited 1 branch of the dungeon, and saw 1 of its levels.

Inventory:

Hand Weapons
 a - a +0 long sword (weapon)
Missiles
 d - 3 throwing nets (quivered)
 e - a javelin
Armour
 b - a +0 leather armour (worn)
 c - a +0 helmet (worn)
Scrolls
 j - a scroll of teleportation {unknown}
Potions
 f - a potion of lignification {unknown}
 g - a potion of flight {unknown}
 h - a potion of attraction {unknown}
 i - a potion of cancellation {unknown}
 k - a potion of curing {unknown}


   Skills:
 * Level 2.3 Fighting
 + Level 2.8 Long Blades
 + Level 1.8 Throwing
 + Level 0.4 Armour
 + Level 3.4 Dodging
 - Level 0.1 Spellcasting You didn't know any spells. Your spell library was empty.

Dungeon Overview and Level Annotations

Branches:
Dungeon (1/15)

Altars:
Uskayaw

Shops:
D:1 :


Innate Abilities, Weirdness & Mutations

You are immune to sickness and miasma.
You are immune to poison.
Your flesh is very heat resistant. (rF++)
You are vulnerable to cold. (rC-)
You float through the air rather than walking.
You learn spells naturally, not from books.
Your magical power is your life essence.
You have superior vitality. (+4 MHP)


Message History

You barely miss the goblin.
A kobold comes into view. It is wielding a +0 short sword.
The goblin barely misses you.
You slash the goblin!
You kill the goblin!
Things that are here:
a +0 club; a goblin corpse You closely miss the kobold.
The kobold misses you.
You miss the kobold. The kobold hits you but does no damage.
The kobold barely misses you.
You closely miss the kobold. The kobold closely misses you.
You hit the kobold.
The kobold is severely wounded.
The kobold hits you but does no damage.
You hit the kobold but do no damage.
The kobold is severely wounded.
The kobold barely misses you.
You closely miss the kobold.
The kobold is severely wounded.
The kobold barely misses you.
The kobold hits you with a +0 short sword.
You closely miss the kobold.
The kobold is severely wounded.
The kobold hits you with a +0 short sword.
You hit the kobold but do no damage.
The kobold is severely wounded.
The kobold hits you with a +0 short sword.
You hit the kobold.
You kill the kobold!
No target in view!
No target in view!
Things that are here:
a +0 club; a goblin corpse
There is a fountain of clear blue water here.
There is a faded altar of an unknown god here.
This altar belongs to (a) Gozag, (b) Zin or (c) Uskayaw, but you can't tell which.
Press the corresponding letter to learn more about a god, or press enter to convert or escape to cancel.
Uskayaw accepts your prayer! Uskayaw welcomes you!
You can now stomp with the beat.
Are you sure you want to abandon this character and quit the game? (Confirm with "yes".)

#......# #......##... ..
#.........♣♣♣.
#........♣♣..
#.......♣♣..♣
#.##....♣... ♣♣♣♣♣
#####.##..##♣..♣♣♣♣.....
#.....#...# ♣8......♣
#.#####.#.# ♣@..⌠.♣♣
#.......#.# ♣8....)♣♣
#######.# ♣..♣♣♣♣.♣
#.####♣♣.♣♣ ♣.).♣
#......♣♣.♣ ♣♣♣♣.#
##.####.♣.♣# .. #..#
♣♣.# .# ##.## #..# #
#..####.#####..


There were no monsters in sight!

Vanquished Creatures
  A ball python (D:1)
  A bat (D:1)
  2 endoplasms (D:1)
  A goblin (D:1)
  2 hobgoblins (D:1)
  2 jackals (D:1)
  A quokka (D:1)
  A frilled lizard (D:1)
  A kobold (D:1)
  A rat (D:1)
13 creatures vanquished.

Notes
Turn   | Place    | Note
-------+----------+-------------------------------------------
     0 | D:1      | qeuew the Djinni Gladiator began the quest for the Orb.
     0 | D:1      | Reached XP level 1. HP: 18/18 MP: 0/0
    46 | D:1      | Reached XP level 2. HP: 4/23 MP: 0/0
   131 | D:1      | Found Rutzauduvi's Book Shoppe.
   223 | D:1      | Found a faded altar of an unknown god.
   253 | D:1      | Prayed at the altar of an unknown god.
   253 | D:1      | Became a worshipper of Uskayaw the Reveller
   253 | D:1      | Reached * piety under Uskayaw
   254 | D:1      | Quit the game

Illustrated notes

Levels and vault maps discovered:
D:1:      mainiacjoe_arrival_reflecting_pool, layout_basic,
          shapermc_ecumenical_altar_totnotflames, serial_shops, shop

Action                     || total
---------------------------++-------
  Melee: Long sword        ||    31
 Armour: Leather armour    ||    14
  Dodge: Dodged            ||    39

Table legend: (Time is in decaauts)
 A = Elapsed time spent in this place.
 B = Non-inter-level travel time spent in this place.
 C = Inter-level travel time spent in this place.
 D = Time resting spent in this place.
 E = Time spent auto-exploring this place.
 F = Levels seen in this place.
 G = Mean time per level.
                   A        B        C        D        E       F      G
               +--------+--------+--------+--------+--------+-----+--------+
         Total |    261 |    255 |      6 |      0 |    172 |   1 |  261.0 |
       Dungeon |    261 |    255 |      6 |      0 |    172 |   1 |  261.0 |
               +--------+--------+--------+--------+--------+-----+--------+

Top non-repeatable levels by time:
     D:1: 261 daAuts
